 Dungeon Crawl Stone Soup version 0.28-a0-1038-g9c4cb8273d (webtiles) character file.

Game seed: 3231218239470198529

64 siradein the Skirmisher (level 3, -3/33 HPs)
             Began as a Draconian Fighter on Dec 8, 2021.
             Slain by Sigmund (4 damage)
             ... on level 2 of the Dungeon.
             The game lasted 00:03:12 (1483 turns).

siradein the Skirmisher (Draconian Fighter)         Turns: 1483, Time: 00:03:12

Health: -3/33      AC:  5    Str: 24    XL:     3   Next: 91%
Magic:  3/3        EV: 12    Int:  8    God:
Gold:   61         SH:  4    Dex: 12    Spells: 2/2 levels left

rFire   . . .      SeeInvis .   a - +0 flail
rCold   . . .      Faith    .   b - +0 buckler
rNeg    . . .      Spirit   .   (armour unavailable)
rPois   .          Reflect  .   (helmet restricted)
rElec   .          Harm     .   (no cloak)
rCorr   .          Rampage  .   (no gloves)
Will    .....                   (no boots)
Stlth   +.........              (no amulet)
HPRegen 0.11/turn               h - +6 ring of strength
MPRegen 0.08/turn               (no ring)

@: mighty
A: AC +5, unfitting armour, cold-blooded
a: no special abilities


You were on level 2 of the Dungeon.
You visited 1 branch of the dungeon, and saw 2 of its levels.

You collected 61 gold pieces.

Inventory:

Hand Weapons
 a - a +0 flail (weapon)
Armour
 b - a +0 buckler (worn)
Jewellery
 h - a +6 ring of strength (left hand)
 k - an amulet of faith
Scrolls
 d - a scroll of holy word {unknown}
 e - 2 scrolls of teleportation {unknown}
 i - a scroll of identify {unknown}
 j - a scroll of torment {unknown}
Potions
 f - a potion of heal wounds {unknown}
 g - 2 potions of berserk rage {unknown}


   Skills:
 + Level 3.8 Fighting
 + Level 2.7 Maces & Flails
 + Level 3.2 Dodging
 + Level 3.5 Shields


You had 2 spell levels left.
You didn't know any spells.
Your spell library was empty.

Dungeon Overview and Level Annotations

Branches:
Dungeon (2/15)

Altars:

Annotations:
D:2 Sigmund


Innate Abilities, Weirdness & Mutations

Your plain brown scales are hard. (AC +5)
You cannot fit into any form of body armour.
You are cold-blooded and may be slowed by cold attacks.


Message History

Sigmund is nearby!
Sigmund is nearby!
Sigmund is nearby!
Sigmund shouts!
Sigmund casts a spell at you. The magic dart hits you.
You feel very mighty all of a sudden. Sigmund gestures at you while chanting.
The magic dart hits you. Sigmund barely misses you.
You bludgeon Sigmund!! You tail-slap Sigmund.
Sigmund is almost dead.
You closely miss Sigmund.
Sigmund is almost dead.
Sigmund mumbles some strange words.
Sigmund flickers and vanishes!
Deactivating autopickup; reactivate with Ctrl-A.
You hear some strange, mumbled words.
You are confused.
Something hits you.
You closely miss something.
Your tail-slap misses something.
Something hits you!
You hear some strange, mumbled words.
You are more confused.
Something hits you but does no damage.
You barely miss something. Something barely misses you.
You bump into the rock wall.
Something hits you!
* * * LOW HITPOINT WARNING * * *
You closely miss something.
You hear some strange, mumbled words.
A puff of flame appears from out of thin air!
The puff of flame hits you!
* * * LOW HITPOINT WARNING * * *
Something hits you but does no damage.
You bump into the rock wall.
You hear some strange, mumbled words.
Something tries to affect you, but you resist.
You feel less confused. Something hits you.
You die...

### #.#########
#.........##
#.#####.. . #.#
#.#.# #.#####{#.#
###.#.......#
#......@..###
#.#.#...###
#.........#
#.........#
#.........#
#.........#
#.†.......##
#.#+##.....#
#######.#.##.....#
.#


There were no monsters in sight!

Vanquished Creatures
  2 adders (D:2)
  2 worms (D:2)
  4 endoplasms
  2 giant cockroaches (D:2)
  2 goblins (D:2)
  5 hobgoblins
  2 jackals (D:1)
  2 quokkas
  4 ball pythons
  4 bats
  2 frilled lizards (D:1)
  5 kobolds
  3 rats (D:2)
39 creatures vanquished.

Notes
Turn   | Place    | Note
-------+----------+-------------------------------------------
     0 | D:1      | siradein the Draconian Fighter began the quest for the Orb.
     0 | D:1      | Reached XP level 1. HP: 19/19 MP: 1/1
   257 | D:1      | Reached XP level 2. HP: 24/26 MP: 2/2
   757 | D:2      | Reached XP level 3. HP: 24/31 MP: 3/3
  1173 | D:2      | Found a faded altar of an unknown god.
  1456 | D:2      | Noticed Sigmund
  1479 | D:2      | HP: 1/33 [something/puff of flame (9)]
  1483 | D:2      | Slain by Sigmund

Illustrated notes

Levels and vault maps discovered:
D:1:      co_arrival_random_square_maze, layout_rooms
D:2:      layout_basic, ebering_ecumenical_altar_sacrificial, uniq_natasha,
          uniq_sigmund

Skill      XL: |  1  2 |
---------------+-------+-----
Dodging        | 3 |  3.2
Fighting       | |  3.8
Maces & Flails | |  2.7
Shields        | |  3.5

Action                   || total
-------------------------++-------
Melee: Flail             ||   119
       Tailslap          ||    19
  Use: Potion            ||     1
Armor: Skin              ||    47
Dodge: Dodged            ||    72
Block: Buckler           ||    18

Table legend: (Time is in decaauts)
 A = Elapsed time spent in this place.
 B = Non-inter-level travel time spent in this place.
 C = Inter-level travel time spent in this place.
 D = Time resting spent in this place.
 E = Time spent auto-exploring this place.
 F = Levels seen in this place.
 G = Mean time per level.
                   A        B        C        D        E       F      G
               +--------+--------+--------+--------+--------+-----+--------+
         Total |   1519 |   1492 |     27 |      0 |   1145 |   2 |  759.5 |
       Dungeon |   1519 |   1492 |     27 |      0 |   1145 |   2 |  759.5 |
               +--------+--------+--------+--------+--------+-----+--------+

Top non-repeatable levels by time:
     D:2: 914 daAuts
     D:1: 605 daAuts
